 Dungeon Crawl Stone Soup version 0.27.1-35-g4d5d836560 (console) character file.

Game seed: 12285738146998242148

4286 Banquo the Cleaver (level 10, -5/79 HPs)
             Began as a Formicid Fighter on Mar 23, 2022.
             Was a Believer of Uskayaw.
             Killed from afar by a steam dragon (16 damage)
             ... with a ball of steam
             ... on level 8 of the Dungeon.
             The game lasted 00:32:02 (10117 turns).

Banquo the Cleaver (Formicid Fighter)              Turns: 10117, Time: 00:32:02

Health: -5/79      AC: 15    Str: 24    XL:     10   Next: 57%
Magic:  15/15      EV:  9    Int:  8    God:    Uskayaw [**....]
Gold:   666        SH: 16    Dex: 10    Spells: 9/9 levels left

rFire    . . .     SeeInvis +   a - +0 war axe
rCold    . . .     Faith    .   i - +0 kite shield
rNeg     + . .     Spirit   .   d - +2 chain mail {Will+}
rPois    +         Reflect  +   (helmet unavailable)
rElec    .         Harm     .   (no cloak)
rCorr    .         Rampage  .   g - +0 pair of gloves
Will     ++...                  f - +0 pair of boots
Stlth    ..........             l - amulet of reflection
HPRegen  0.23/turn              P - ring of poison resistance
MPRegen  0.14/turn              B - ring of positive energy

@: no status effects
A: permanent stasis, dig shafts and tunnels, antennae 3, four strong arms
a: Dig, Shaft Self, Renounce Religion, Stomp, Line Pass


You were on level 8 of the Dungeon.
You worshipped Uskayaw.
Uskayaw was noncommittal.
You visited 1 branch of the dungeon, and saw 10 of its levels.
You also visited: Sewer and Ossuary.

You collected 666 gold pieces.

Inventory:

Hand Weapons
 a - a +0 war axe (weapon)
 b - a +0 demon whip of freezing
 r - a +0 trident
 z - a +0 mace of holy wrath
 D - a +2 hunting sling of flaming
 H - a +1 whip of electrocution
 M - a +1 hand axe of electrocution
Missiles
 c - 46 poisoned darts
 e - 9 boomerangs
 E - 9 javelins
Armour
 d - a +2 chain mail of willpower (worn)
 f - a +0 pair of boots (worn)
 g - a +0 pair of gloves (worn)
 i - a +0 kite shield (worn)
 j - a +2 leather armour of cold resistance
 q - a scarf of harm
 L - a +0 plate armour
Jewellery
 l - an amulet of reflection (around neck)
 v - a +6 ring of intelligence
 w - an amulet of guardian spirit
 B - a ring of positive energy (right hand)
 P - a ring of poison resistance (left hand)
Wands
 h - a wand of paralysis (11)
 A - a wand of flame (18)
Scrolls
 k - 2 scrolls of summoning {unknown}
 m - 3 scrolls of noise
 n - 2 scrolls of enchant weapon {unknown}
 p - 2 scrolls of enchant armour {unknown}
 y - 4 scrolls of silence
 C - a scroll of brand weapon {unknown}
 J - a scroll of amnesia {unknown}
Potions
 o - a potion of cancellation
 s - 6 potions of heal wounds
 t - 2 potions of flight
 u - 4 potions of curing
 x - a potion of mutation
 F - a potion of ambrosia {unknown}
 G - a potion of resistance {unknown}
 I - a potion of lignification {unknown}
 K - 2 potions of might


   Skills:
 * Level 7.0 Fighting
 * Level 11.0 Axes
 * Level 7.5 Armour
 * Level 5.0 Dodging
 * Level 8.2 Shields
 * Level 6.7 Invocations


You had 9 spell levels left.
You didn't know any spells.
Your spell library contained the following spells:

 Spells                   Type           Power      Damage    Failure   Level
 Animate Skeleton         Necr           0%         N/A       97%         1
 Corona                   Hex            0%         N/A       97%         1
 Magic Dart               Conj           0%         1d3       97%         1
 Pain                     Necr           0%         1d4       97%         1
 Call Imp                 Summ           0%         N/A       99%         2
 Ensorcelled Hibernation  Hex/Ice        0%         N/A       99%         2
 Sublimation of Blood     Necr           0%         N/A       99%         2
 Mephitic Cloud           Conj/Pois/Air  0%         N/A       100%        3
 Tukima's Dance           Hex            0%         N/A       100%        3
 Vampiric Draining        Necr           0%         2d6       100%        3
 Petrify                  Tmut/Erth      0%         N/A       100%        4
 Agony                    Necr           0%         N/A       100%        5
 Excruciating Wounds      Necr           0%         N/A       100%        5
 Irradiate                Conj/Tmut      0%         3d13      100%        5
 Metabolic Englaciation   Hex/Ice        0%         N/A       100%        5
 Statue Form              Tmut/Erth      0%         N/A       100%        6
 Malign Gateway           Summ/Tloc      0%         N/A       100%        7
 Summon Horrible Things   Summ           0%         N/A       100%        8


Dungeon Overview and Level Annotations

Branches:
Dungeon (10/15)            Temple (0/1) D:5            Lair (0/6) D:8
  Sewer (visited)         Ossuary (visited)
    Orc: D:9-12

Altars:
Dithmenos
Kikubaaqudgha
Okawaru
Qazlal
Uskayaw
Yredelemnul

Shops:
D:4 *

Annotations:
D:4 2 transporters, Tzialkovskiy's ghost, amateur KoHu
D:8 2 transporters, Erica


Innate Abilities, Weirdness & Mutations

You cannot be hasted, slowed, berserked, paralysed or teleported.
You can dig through walls and to a lower floor.
You have a pair of large antennae on your head. (SInv)
Your four strong arms can wield two-handed weapons with a shield.


Message History

The steam dragon is heavily wounded.
The steam dragon breathes steam at you. The ball of steam hits you.
You block the steam dragon's attack. x2
You slash the steam dragon!
The steam dragon is almost dead.
You are engulfed in a cloud of scalding steam.
The steam dragon bites you. The steam dragon barely misses you.
You can now pass through a line of other dancers.
The steam dragon bites you.
The steam dragon claws you but does no damage.
You barely miss the steam dragon.
The steam dragon is almost dead.
You block the steam dragon's attack. x2
You slash the steam dragon!
You kill the steam dragon!
The steam dragon scales are intact enough to wear.
A steam dragon comes into view.
Your Axes skill increases to level 11!
You barely miss the steam dragon. You block the steam dragon's attack.
The steam dragon barely misses you. The steam dragon breathes steam at you.
The ball of steam hits you!
* * * LOW HITPOINT WARNING * * *
Unknown command.
The steam dragon breathes steam at you. The ball of steam hits you!
* * * LOW HITPOINT WARNING * * *
You hear an angry hiss.
A water moccasin comes into view.
The water moccasin hisses angrily.
You hit the steam dragon but do no damage.
You hit the steam dragon.
The steam dragon is lightly wounded.
You are engulfed in a cloud of scalding steam.
You block the steam dragon's attack. x2
You hit the steam dragon.
The steam dragon is lightly wounded.
The steam dragon breathes steam at you. The ball of steam hits you!
You die...

.... ................
....
............#........
....
.....#.....##........
#...
...#.#...............
...
..##....##.§...........
..
.........#.............
...........§S..........
..##........§#..........
. #......@§§§###.......
#.....##D##{.#........
####.##...##SY....P....
###.{[..#l###..S....
#.§..≈#..{..PP♣...
#D§.≈≈#...{...PP..
.§§≈≈≈##........PP.
#≈≈≈≈####.........♣♣P .
######.........P..P.>


You could see a steam dragon (catching breath) and a water moccasin.

Vanquished Creatures
  Pikel (D:8)
  Grinder (D:3)
  Sigmund (D:2)
  A spriggan (D:7)
  A wyvern (D:8)
  A steam dragon (D:8)
  A water moccasin (D:8)
  A black bear (D:6)
  2 necrophages
  2 orc warriors
  An ogre (D:4)
  2 centaurs
  3 lemures (D:8)
  A kobold brigand (Sewer)
  A phantom (D:5)
  An elf zombie (D:5)
  3 bullfrogs
  A wyvern skeleton (D:6)
  4 centaur zombies
  3 hounds
  4 jellies
  2 human zombies (D:5)
  An orc priest (D:8)
  2 iguanas
  Jessica (D:3)
  A centaur skeleton (D:6)
  2 human skeletons (D:5)
  Natasha (thrice) (D:3)
  Terence (D:3)
  3 orc wizards
  8 mummies (Ossuary)
  3 gnolls (D:5)
  A howler monkey skeleton (D:4)
  5 adders
  A river rat (D:3)
  A white imp (D:6)
  An adder skeleton (D:4)
  3 worms
  5 dart slugs
  23 orcs
  6 endoplasms
  3 giant cockroaches
  9 goblins
  7 hobgoblins
  8 jackals
  9 quokkas
  8 ball pythons
  7 bats
  A frilled lizard (D:1)
  2 gnoll zombies (Ossuary)
  2 hobgoblin zombies (Ossuary)
  10 kobolds
  4 kobold zombies (Ossuary)
  An orc skeleton (D:5)
  10 rats
190 creatures vanquished.

Vanquished Creatures (others)
  A bush (D:8)
  7 fungi (D:8)
  24 plants (D:8)
32 creatures vanquished.

Grand Total: 222 creatures vanquished

Notes
Turn   | Place    | Note
-------+----------+-------------------------------------------
     0 | D:1      | Banquo the Formicid Fighter began the quest for the Orb.
     0 | D:1      | Reached XP level 1. HP: 18/18 MP: 1/1
    41 | D:1      | Reached XP level 2. HP: 24/24 MP: 2/2
   141 | D:1      | Reached skill level 3 in Axes
   431 | D:1      | Reached XP level 3. HP: 29/29 MP: 3/3
  1230 | D:2      | Noticed Sigmund
  1349 | D:2      | Killed Sigmund
  1350 | D:2      | Reached skill level 5 in Axes
  1350 | D:2      | Reached XP level 4. HP: 19/35 MP: 4/4
  1350 | D:2      | Reached XP level 5. HP: 23/41 MP: 5/5
  1350 | D:2      | Reached XP level 6. HP: 26/47 MP: 6/6
  1777 | D:2      | Reached skill level 6 in Axes
  2286 | D:3      | Found a glowing drain.
  2286 | D:3      | Noticed Natasha
  2306 | D:3      | Killed Natasha
  2548 | Sewer    | Entered a sewer
  2722 | Sewer    | Found a glowing silver altar of Zin.
  3016 | D:3      | Reached skill level 7 in Axes
  3016 | D:3      | Reached XP level 7. HP: 52/52 MP: 7/7
  3477 | D:3      | Noticed Grinder
  3501 | D:3      | Killed Grinder
  3502 | D:3      | Reached skill level 8 in Axes
  3609 | D:3      | Noticed Terence
  3609 | D:3      | Noticed Natasha
  3635 | D:3      | Killed Natasha
  3638 | D:3      | Killed Terence
  3688 | D:3      | Noticed Jessica
  3707 | D:3      | Killed Jessica
  3803 | D:3      | Found a faded altar of an unknown god.
  3811 | D:3      | Became a worshipper of Uskayaw the Reveller
  3811 | D:3      | Reached * piety under Uskayaw
  4125 | D:3      | Noticed Natasha
  4132 | D:3      | Killed Natasha
  4382 | D:3      | Found a hide-covered altar of Uskayaw.
  5100 | D:4      | Reached ** piety under Uskayaw
  5101 | D:4      | Reached XP level 8. HP: 57/58 MP: 8/8
  5115 | D:4      | Reached skill level 10 in Axes
  5115 | D:4      | Reached skill level 5 in Invocations
  5115 | D:4      | Reached XP level 9. HP: 67/71 MP: 8/13
  5222 | D:4      | Found Otenair's Overcharged Wands.
  5350 | D:4      | Found a shadowy altar of Dithmenos.
  5461 | D:4      | Found a transporter.
  5465 | D:4      | Found a transporter.
  5465 | D:4      | Noticed Tzialkovskiy's ghost (amateur KoHu)
  5915 | D:5      | Entered Level 5 of the Dungeon
  5991 | D:5      | Found a sand-covered staircase.
  6002 | Ossuary  | Entered an ossuary
  6080 | Ossuary  | Reached *** piety under Uskayaw
  6095 | Ossuary  | Reached **** piety under Uskayaw
  6632 | D:5      | Found a staircase to the Ecumenical Temple.
  6659 | D:5      | Found an iron altar of Okawaru.
  7370 | D:5      | You fall into a shaft and drop 3 floors!
  7370 | D:8      | Found a staircase to the Lair.
  7384 | D:8      | You fall into a shaft and drop 2 floors!
  7384 | D:10     | Entered Level 10 of the Dungeon
  7465 | D:8      | Found an ancient bone altar of Kikubaaqudgha.
  7465 | D:8      | Found a basalt altar of Yredelemnul.
  7466 | D:8      | Noticed a death knight
  7480 | D:8      | Found a transporter.
  7492 | D:8      | Found a transporter.
  7837 | D:8      | Noticed Pikel
  7862 | D:8      | Killed Pikel
  7863 | D:8      | Reached XP level 10. HP: 23/77 MP: 1/14
  8595 | D:7      | Found a stormy altar of Qazlal.
  8968 | D:6      | Reached skill level 5 in Dodging
  9125 | D:6      | Found a hide-covered altar of Uskayaw.
 10041 | D:8      | Noticed Erica
 10112 | D:8      | Reached skill level 11 in Axes
 10117 | D:8      | Killed from afar by a steam dragon

Illustrated notes

Levels and vault maps discovered:
D:1:      roderic_octagonal_star, layout_loops_ring
D:2:      layout_loops_corners, minmay_increasing_density, uniq_sigmund
D:3:      layout_loops_corners, cheibrodos_sewer_entry_sluice,
          ebering_ecumenical_altar_mist, uniq_jessica, uniq_natasha,
          uniq_grinder, uniq_terence
D:4:      cheibrodos_greedy_goblins, layout_loops_ring,
          nicolae_dithmenos_shadow_blocks, gammafunk_ghost_smash,
          nicolae_shop_overcharged_wands
D:5:      layout_loops_corners, okawaru_trees_1, temple_green,
          nicolae_ossuary_entry_catacombs
D:6:      wander_river, layout_basic, nicolae_uskayaw_dance_hall,
          hangedman_decor_peaks_small
D:7:      layout_loops_corners, nicolae_overflow_crystal_walls,
          nrook_mini_backslash, the_hattery
D:8:      cheibrodos_steamvent, layout_cave_pools, gammafunk_temple_of_torment,
          minmay_lair_entry_grove, kennysheep_potato, uniq_pikel, uniq_erica
D:9:      layout_roguey, mainiacjoe_overflow_catwalk, kennysheep_island_fort,
          uniq_harold, uniq_grum
D:10:     minmay_coctagon, layout_basic, lightli_temple_of_fire, bloody_trog,
          nicolae_gozag_cash_rules_everything_around_me, orc_0_dummy,
          nicolae_trove_entry_isolated

Skill      XL: |  1  2  3  4  5  6  7  8  9 10 |
---------------+-------------------------------+-----
Axes           | 3 5 7 8 10 11 | 11.0
Fighting       | 6 7 |  7.0
Armour         | 6 7 |  7.5
Dodging        | 4 5 |  5.0
Shields        | 7 8 |  8.2
Invocations    | 5 6 |  6.7

Action                   |  1- 3 |  4- 6 |  7- 9 | 10-12 || total
-------------------------+-------+-------+-------+-------++-------
Melee: War axe           |    81 |    40 |   393 |   119 ||   633
       Whip              |       |    63 |     8 |       ||    71
Invok: Stomp             |       |       |     2 |       ||     2
 Abil: Dig               |       |     1 |    17 |     4 ||    22
       Shaft Self        |       |       |     1 |       ||     1
  Use: Potion            |       |     1 |     1 |       ||     2
       Scroll            |       |       |    13 |       ||    13
 Stab: Paralysed         |       |       |     1 |     2 ||     3
Armor: Scale mail        |    39 |    36 |    30 |       ||   105
       Chain mail        |       |       |    72 |    43 ||   115
Dodge: Dodged            |    23 |    25 |    85 |    36 ||   169
Block: Kite shield       |    43 |    40 |   165 |    76 ||   324
       Reflection        |       |       |       |     4 ||     4
